AoeStats
← ska_18

Nomad

504974496Analyzed
3v3 RM · 26d ago on Sep 7, 2026· 29m 47s· 6 players
Game mode
Random Map
Map size
210×210
Population
200
Speed
Normal
Resources
Standard
Victory
Conquest
Starting age
Dark Age
Ending age
Imperial Age
RankedLock teamsTeams togetherTeam positionsShared explorationLock speedFull tech treeHidden civsTurbo modeCheats
Victory
Defeat
🇦🇺 Dravidians · Australia
1217
+11
🇮🇹 Slavs · Italy
1202
+11
🇦🇺 Vikings · Australia
1022
+19
🇫🇷 Mongols · France
1146
-16
🇦🇹 Saracens · Austria
1083
-13
🇷🇺 Aztecs · Russia
1052
-12
ska_18
lucascroenne
6:49 Loom
13:49 Feudal Age
19:29 Castle Age
18:02 Stone Mining
18:00 Double-Bit Axe
18:17 Horse Collar
20:27 Bow Saw
20:33 Fishing Lines
21:28 Gillnets
23:28 Gold Mining
24:08 Town Watch
24:59 Wheelbarrow
25:54 Gold Shaft Mining
26:08 Fletching
26:20 Padded Archer Armor
27:23 Stone Shaft Mining
29:49 Husbandry
30:00 Bloodlines
eXorcist
5:41 Loom
15:06 Feudal Age
19:25 Castle Age
18:23 Arson
18:52 Forging
18:43 Scale Mail Armor
19:34 Eagle Warrior
20:19 Squires
20:04 Gambesons
23:50 Iron Casting
26:29 Chain Mail Armor
GiuGiu
4:11 Loom
15:27 Feudal Age
16:39 Horse Collar
19:57 Wheelbarrow
19:37 Fletching
23:18 Castle Age
21:18 Fishing Lines
22:08 Scale Mail Armor
22:54 Forging
22:21 Man-at-Arms
23:02 Double-Bit Axe
23:23 Long Swordsman
24:58 Chain Mail Armor
28:02 Iron Casting
28:02 Heavy Plow
28:27 Squires
softkittens
13:59 Feudal Age
14:59 Double-Bit Axe
18:02 Castle Age
15:56 Gold Mining
15:52 Fishing Lines
19:56 Wheelbarrow
19:32 Loom
20:27 Bow Saw
22:00 Stone Mining
23:08 Town Watch
27:29 Imperial Age
25:14 Fletching
25:53 Forging
25:43 Scale Mail Armor
25:38 Man-at-Arms
26:03 Gambesons
26:19 Squires
26:05 Arson
27:15 Hand Cart
26:33 Long Swordsman
28:16 Iron Casting
27:27 Horse Collar
29:05 Two-Handed Swordsman
x_Zinger_Box_x
17:09 Feudal Age
15:28 Loom
18:14 Double-Bit Axe
19:01 Gold Mining
19:02 Stone Mining
21:33 Castle Age
19:24 Fishing Lines
22:13 Man-at-Arms
22:55 Squires
22:41 Arson
23:30 Long Swordsman
29:54 Imperial Age
30:04 Imperial Age
28:06 Gambesons
Connection lost

Rejoining the realm…

Still unreachable

The connection could not be restored.

Session expired

The server has moved on; the page needs a fresh start.